PBL
SOUTHERN MARYLAND BLUE CRABS @ DETROIT RED WINGS
09/17/2044
 
TOP OF THE 1ST
Southern Maryland Blue Crabs batting - Pitching for Detroit Red Wings : RHP Mike Santana
Pitching: RHP Mike Santana
Batting: RHB Danny Baeza 0-0: Ball
1-0: Called Strike
1-1: Ball
2-1: Foul Ball, location: 2F
2-2: Foul Ball, location: 2F
2-2: Foul Ball, location: 2F
2-2: Ball
3-2: Base on Balls
Batting: RHB Tony Godley 0-0: Ball
1-0: Fielders Choice at 2nd, 6-4 (Groundball, 6, EV 84.4 MPH)
Now at 2B: Glen Boyle
Batting: RHB Steve Jones 0-0: Ball
1-0: Ball
2-0: Ball
3-0: Base on Balls
Tony Godley to second
Batting: LHB Justin Moore 0-0: Fly out, F8 (Flyball, 8LM, EV 90.0 MPH)
Batting: RHB Mike Pitts 0-0: Ball
1-0: Ball
2-0: Foul Ball, location: 2F
2-1: TRIPLE (Flyball, 89XD, EV 91.2 MPH)
Tony Godley scores
Steve Jones scores
Batting: RHB Ismael Macedo 0-0: Swinging Strike
0-1: Ball
1-1: Foul Ball, location: 2F
1-2: Strikes out swinging
Top of the 1st over - 2 runs, 1 hit, 0 errors, 1 left on base; Southern Maryland 2 - Detroit 0
BOTTOM OF THE 1ST
Detroit Red Wings batting - Pitching for Southern Maryland Blue Crabs : RHP Angel Gonzales
Pitching: RHP Angel Gonzales
Batting: LHB George Moran 0-0: Swinging Strike
0-1: Called Strike
0-2: Foul Ball, location: 2F
0-2: Foul Ball, location: 2F
0-2: Strikes out looking
Batting: RHB Carlos Armenteros 0-0: Foul Ball, location: 2F
0-1: Fly out, F8 (Flyball, 89M, EV 89.4 MPH)
Batting: LHB Glen Boyle 0-0: Called Strike
0-1: Ball
1-1: Ball
2-1: Swinging Strike
2-2: Strikes out swinging
Bottom of the 1st over - 0 runs, 0 hits, 0 errors, 0 left on base; Southern Maryland 2 - Detroit 0
TOP OF THE 2ND
Southern Maryland Blue Crabs batting - Pitching for Detroit Red Wings : RHP Mike Santana
Batting: LHB Ralph Braine 0-0: Called Strike
0-1: Swinging Strike
0-2: Foul Ball, location: 2F
0-2: Foul Ball, location: 2F
0-2: Ball
1-2: Ball
2-2: Foul Ball, location: 2F
2-2: Strikes out looking
Batting: LHB Adam Oldfield 0-0: Foul Ball, location: 2F
0-1: Called Strike
0-2: Fly out, F7 (Flyball, 7LM, EV 86.2 MPH)
Batting: RHB Matt Berrier 0-0: Foul Ball, location: 2F
0-1: Ground out 6-3 (Groundball, 6, EV 83.1 MPH)
Top of the 2nd over - 0 runs, 0 hits, 0 errors, 0 left on base; Southern Maryland 2 - Detroit 0
BOTTOM OF THE 2ND
Detroit Red Wings batting - Pitching for Southern Maryland Blue Crabs : RHP Angel Gonzales
Batting: LHB Brad Gaskill 0-0: Ball
1-0: Called Strike
1-1: Swinging Strike
1-2: Fly out, F2 (Popup, 2RF, EV 90.6 MPH)
Batting: RHB Tony Nunez 0-0: Called Strike
0-1: Called Strike
0-2: Ball
1-2: Fly out, F4 (Flyball, 4D, EV 92.5 MPH)
Batting: LHB Steve Herrera 0-0: Ball
1-0: Ball
2-0: Called Strike
2-1: Ball
3-1: Swinging Strike
3-2: Fly out, F9 (Flyball, 9, EV 90.6 MPH)
Bottom of the 2nd over - 0 runs, 0 hits, 0 errors, 0 left on base; Southern Maryland 2 - Detroit 0
TOP OF THE 3RD
Southern Maryland Blue Crabs batting - Pitching for Detroit Red Wings : RHP Mike Santana
Batting: RHB Danny Baeza 0-0: Foul Ball, location: 2F
0-1: Ball
1-1: Ball
2-1: Ball
3-1: Called Strike
3-2: Fly out, F4 (Popup, 3S, EV 80.6 MPH)
Batting: RHB Tony Godley 0-0: Fly out, F3 (Popup, 3F, EV 75.0 MPH)
Batting: RHB Steve Jones 0-0: Foul Ball, location: 2F
0-1: Called Strike
0-2: Ball
1-2: SINGLE (Groundball, 6MD, EV 105.6 MPH)
Batting: LHB Justin Moore 0-0: Ball
1-0: Foul Ball, location: 2F
1-1: Foul Ball, location: 2F
1-2: Ball
2-2: Foul Ball, location: 2F
2-2: 2-RUN HOME RUN (Flyball, 89XD, EV 115.6 MPH), Distance : 432 ft
Batting: RHB Mike Pitts 0-0: Ball
1-0: Foul Ball, location: 2F
1-1: Swinging Strike
1-2: Ground out U3 (Groundball, 3, EV 92.5 MPH)
Top of the 3rd over - 2 runs, 2 hits, 0 errors, 0 left on base; Southern Maryland 4 - Detroit 0
BOTTOM OF THE 3RD
Detroit Red Wings batting - Pitching for Southern Maryland Blue Crabs : RHP Angel Gonzales
Batting: RHB Juan Perez 0-0: Foul Ball, location: 2F
0-1: Swinging Strike
0-2: Ball
1-2: Strikes out swinging
Batting: LHB Jamie Christian 0-0: Ball
1-0: Ball
2-0: Foul Ball, location: 2F
2-1: Called Strike
2-2: Foul Ball, location: 2F
2-2: Strikes out swinging
Batting: LHB Isao Fukui 0-0: Fly out, F9 (Flyball, 89D, EV 98.1 MPH)
Bottom of the 3rd over - 0 runs, 0 hits, 0 errors, 0 left on base; Southern Maryland 4 - Detroit 0
TOP OF THE 4TH
Southern Maryland Blue Crabs batting - Pitching for Detroit Red Wings : RHP Mike Santana
Batting: RHB Ismael Macedo 0-0: Ball
1-0: Ball
2-0: Called Strike
2-1: Foul Ball, location: 2F
2-2: Ball
3-2: Fly out, F8 (Flyball, 8RD, EV 88.1 MPH)
Batting: LHB Ralph Braine 0-0: Ball
1-0: Ball
2-0: Ball
3-0: Base on Balls
Batting: LHB Adam Oldfield 0-0: Called Strike
Ralph Braine steals 2nd base
0-1: Ball
1-1: Called Strike
1-2: Ground out 6-3 (Groundball, 6, EV 103.8 MPH)
Batting: RHB Matt Berrier 0-0: Foul Ball, location: 2F
0-1: Swinging Strike
0-2: Reached on error, E6 (Groundball, 6, EV 108.1 MPH)
Ralph Braine scores
Batting: RHB Danny Baeza 0-0: Foul Ball, location: 2F
0-1: Foul Ball, location: 2F
0-2: Ball
1-2: Fly out, F8 (Flyball, 8LM, EV 76.9 MPH)
Top of the 4th over - 1 run, 0 hits, 1 error, 1 left on base; Southern Maryland 5 - Detroit 0
BOTTOM OF THE 4TH
Detroit Red Wings batting - Pitching for Southern Maryland Blue Crabs : RHP Angel Gonzales
Batting: LHB George Moran 0-0: Called Strike
0-1: Reached via error on a dropped throw from 1B, E1 (Groundball, 34, EV 87.5 MPH)
Batting: RHB Carlos Armenteros 0-0: Called Strike
George Moran steals 2nd base
0-1: Called Strike
0-2: Foul Ball, location: 2F
0-2: Strikes out swinging
Batting: LHB Glen Boyle 0-0: Called Strike
0-1: Swinging Strike
0-2: Strikes out swinging
Batting: LHB Brad Gaskill 0-0: Reached on error, E6 (Popup, 6MD, EV 55.0 MPH)
George Moran to third
Batting: RHB Tony Nunez 0-0: Ball
1-0: Called Strike
1-1: Ball
2-1: Foul Ball, location: 2F
2-2: Reached on error, E7 (Flyball, 78XD, EV 85.0 MPH)
George Moran scores
Brad Gaskill to third
Batting: LHB Steve Herrera 0-0: Called Strike
0-1: Foul Ball, location: 2F
0-2: Strikes out looking
Bottom of the 4th over - 1 run, 0 hits, 3 errors, 2 left on base; Southern Maryland 5 - Detroit 1
TOP OF THE 5TH
Southern Maryland Blue Crabs batting - Pitching for Detroit Red Wings : RHP Mike Santana
Batting: RHB Tony Godley 0-0: Ball
1-0: Called Strike
1-1: Foul Ball, location: 2F
1-2: Ball
2-2: Ball
3-2: Strikes out looking
Batting: RHB Steve Jones 0-0: Ball
1-0: SINGLE (Flyball, 3D, EV 90.0 MPH)
Batting: LHB Justin Moore 0-0: Ball
1-0: Called Strike
1-1: Ball
2-1: Foul Ball, location: 2F
2-2: Foul Ball, location: 2F
2-2: Ball
3-2: Fly out, F8 (Flyball, 8LD, EV 103.8 MPH)
Batting: RHB Mike Pitts 0-0: Hit by Pitch
Steve Jones to second
Batting: RHB Ismael Macedo 0-0: Ball
1-0: Foul Ball, location: 2F
1-1: Fly out, F8 (Flyball, 8LS, EV 86.9 MPH)
Top of the 5th over - 0 runs, 1 hit, 0 errors, 2 left on base; Southern Maryland 5 - Detroit 1
BOTTOM OF THE 5TH
Detroit Red Wings batting - Pitching for Southern Maryland Blue Crabs : RHP Angel Gonzales
Batting: RHB Juan Perez 0-0: Called Strike
0-1: Ball
1-1: Foul Ball, location: 2F
1-2: Strikes out swinging
Batting: LHB Jamie Christian 0-0: Foul Ball, location: 2F
0-1: Foul Ball, location: 2F
0-2: Foul Ball, location: 2F
0-2: Strikes out swinging
Batting: LHB Isao Fukui 0-0: Ball
1-0: Ball
2-0: Called Strike
2-1: Swinging Strike
2-2: Ball
3-2: Foul Ball, location: 2F
3-2: Fly out, F7 (Flyball, 78D, EV 105.6 MPH)
Bottom of the 5th over - 0 runs, 0 hits, 0 errors, 0 left on base; Southern Maryland 5 - Detroit 1
TOP OF THE 6TH
Southern Maryland Blue Crabs batting - Pitching for Detroit Red Wings : RHP Mike Santana
Batting: LHB Ralph Braine 0-0: Swinging Strike
0-1: Ball
1-1: Called Strike
1-2: Foul Ball, location: 2F
1-2: Ground out 6-3 (Groundball, 6, EV 107.5 MPH)
Batting: LHB Adam Oldfield 0-0: Ball
1-0: Swinging Strike
1-1: Ball
2-1: Foul Ball, location: 2F
2-2: Ground out 4-3 (Groundball, 4M, EV 84.4 MPH)
Batting: RHB Matt Berrier 0-0: Ball
1-0: Foul Ball, location: 2F
1-1: Ground out 6-3 (Groundball, 6, EV 100.0 MPH)
Top of the 6th over - 0 runs, 0 hits, 0 errors, 0 left on base; Southern Maryland 5 - Detroit 1
BOTTOM OF THE 6TH
Detroit Red Wings batting - Pitching for Southern Maryland Blue Crabs : RHP Angel Gonzales
Batting: LHB George Moran 0-0: Ball
1-0: Fly out, F8 (Flyball, 8LS, EV 87.5 MPH)
Batting: RHB Carlos Armenteros 0-0: Foul Ball, location: 2F
0-1: Ball
1-1: Ball
2-1: Called Strike
2-2: Ball
3-2: SINGLE (Line Drive, 8LS, EV 105.0 MPH)
Batting: LHB Glen Boyle 0-0: Called Strike
Carlos Armenteros steals 2nd base
0-1: Ball
1-1: Ground out 5-3 (Groundball, 56, EV 98.1 MPH)
Batting: LHB Brad Gaskill 0-0: Swinging Strike
0-1: Ball
1-1: Called Strike
1-2: Strikes out swinging
Bottom of the 6th over - 0 runs, 1 hit, 0 errors, 1 left on base; Southern Maryland 5 - Detroit 1
TOP OF THE 7TH
Southern Maryland Blue Crabs batting - Pitching for Detroit Red Wings : RHP Mike Santana
Pitching: RHP Adam Fisher
Batting: RHB Danny Baeza 0-0: Called Strike
0-1: Ball
1-1: Fly out, F8 (Flyball, 8RXD, EV 105.6 MPH)
Batting: RHB Tony Godley 0-0: SOLO HOME RUN (Flyball, 7D, EV 96.2 MPH), Distance : 390 ft
Batting: RHB Steve Jones 0-0: Ball
1-0: Ball
2-0: Ball
3-0: Base on Balls
Batting: LHB Justin Moore 0-0: Called Strike
0-1: Foul Ball, location: 2F
0-2: Ball
1-2: Ball
2-2: Strikes out swinging
Batting: RHB Mike Pitts 0-0: Called Strike
0-1: Ball
1-1: Fielders Choice at 2nd, 6-4 (Groundball, 56, EV 90.0 MPH)
Top of the 7th over - 1 run, 1 hit, 0 errors, 1 left on base; Southern Maryland 6 - Detroit 1
BOTTOM OF THE 7TH
Detroit Red Wings batting - Pitching for Southern Maryland Blue Crabs : RHP Angel Gonzales
Pitching: RHP Casey Tietjen
Batting: RHB Tony Nunez 0-0: Ball
1-0: Foul Ball, location: 2F
1-1: Foul Ball, location: 2F
1-2: Strikes out swinging
Batting: LHB Steve Herrera 0-0: Foul Ball, location: 2F
0-1: Called Strike
0-2: SINGLE (Line Drive, 8LS, EV 106.9 MPH)
Batting: RHB Juan Perez 0-0: Called Strike
0-1: Ball
1-1: Ball
2-1: SINGLE (Groundball, 56D, EV 101.9 MPH)
Steve Herrera to second
Batting: LHB Jamie Christian 0-0: Ball
1-0: Grounds into double play, 4-6-3 (Groundball, 4, EV 100.6 MPH)
Bottom of the 7th over - 0 runs, 2 hits, 0 errors, 1 left on base; Southern Maryland 6 - Detroit 1
TOP OF THE 8TH
Southern Maryland Blue Crabs batting - Pitching for Detroit Red Wings : RHP Adam Fisher
Batting: RHB Ismael Macedo 0-0: Ball
1-0: Ball
2-0: Ball
3-0: Base on Balls
Batting: LHB Ralph Braine Pickoff Throw to First - Error! E1
Ismael Macedo to second
0-0: Ball
1-0: Swinging Strike
1-1: Ball
2-1: Ball
3-1: Base on Balls
Batting: LHB Adam Oldfield 0-0: Ball
1-0: Called Strike
1-1: Swinging Strike
1-2: Reached on error, E4 (Groundball, 4, EV 100.0 MPH)
Ismael Macedo to third
Ralph Braine to second
Batting: RHB Matt Berrier 0-0: Swinging Strike
0-1: Called Strike
0-2: Ball
1-2: Ball
2-2: Ball
3-2: Foul Ball, location: 2F
3-2: DOUBLE (Line Drive, 7LD, EV 103.1 MPH)
Ismael Macedo scores
Ralph Braine scores
Adam Oldfield to third
Batting: RHB Danny Baeza 0-0: Ball
1-0: Ball
2-0: SINGLE (Flyball, 8LS, EV 88.1 MPH)
Adam Oldfield scores
Matt Berrier to third
Throwing error, E8
Matt Berrier scores
Danny Baeza to second
Pinch Hitting: LHB Antonio Gutierrez 0-0: Ball
1-0: Ball
2-0: Ball
3-0: Called Strike
3-1: Foul Ball, location: 2F
3-2: Foul Ball, location: 2F
3-2: Base on Balls
Batting: RHB Steve Jones 0-0: Ball
1-0: Foul Ball, location: 2F
1-1: Ground out 5-3 (Groundball, 56S, EV 67.5 MPH)
Danny Baeza to third
Antonio Gutierrez to second
Pinch Hitting: SHB Chris Wright 0-0: Ball
1-0: Ball
2-0: Ball
3-0: Base on Balls
Pinch Hitting: RHB Matthew Neal 0-0: Ball
1-0: Fly out, F3 (Popup, 3, EV 69.4 MPH)
Pinch Hitting: RHB Jason Burke 0-0: Called Strike
0-1: Ball
1-1: Foul Ball, location: 2F
1-2: Strikes out swinging
Top of the 8th over - 4 runs, 2 hits, 3 errors, 3 left on base; Southern Maryland 10 - Detroit 1
BOTTOM OF THE 8TH
Detroit Red Wings batting - Pitching for Southern Maryland Blue Crabs : RHP Casey Tietjen
Now at 1B: Tony Fernandez
Now at 2B: Chris Wright
Now at 3B: Matthew Neal
Now in CF: Antonio Gutierrez
Batting: LHB Isao Fukui 0-0: Ball
1-0: Ball
2-0: Fly out, F8 (Flyball, 8RXD, EV 109.4 MPH)
Batting: LHB George Moran 0-0: Foul Ball, location: 2F
0-1: Swinging Strike
0-2: Foul Ball, location: 2F
0-2: Ball
1-2: Ball
2-2: Strikes out swinging
Batting: RHB Carlos Armenteros 0-0: Foul Ball, location: 2F
0-1: Ball
1-1: Fly out, F7 (Flyball, 7LD, EV 81.2 MPH)
Bottom of the 8th over - 0 runs, 0 hits, 0 errors, 0 left on base; Southern Maryland 10 - Detroit 1
TOP OF THE 9TH
Southern Maryland Blue Crabs batting - Pitching for Detroit Red Wings : RHP Adam Fisher
Pinch Hitting: LHB Keith Long 0-0: Ball
1-0: SINGLE (Groundball, 4MS, EV 70.0 MPH) (infield hit)
Pitching: LHP Jean-Luc Legros
Batting: LHB Adam Oldfield 0-0: Foul Ball, location: 2F
0-1: Fly out, F8 (Flyball, 8RM, EV 90.6 MPH)
Pinch Hitting: RHB Atsunori Ishikawa 0-0: Called Strike
0-1: Ball
1-1: Ball
2-1: Ball
3-1: Base on Balls
Keith Long to second
Batting: RHB Danny Baeza 0-0: Ball
Wild Pitch!
Keith Long to third
Atsunori Ishikawa to second
1-0: Ball
2-0: Foul Ball, location: 2F
2-1: Ball
3-1: Foul Ball, location: 2F
3-2: Foul Ball, location: 2F
3-2: Base on Balls
Batting: LHB Antonio Gutierrez 0-0: Swinging Strike
0-1: Ball
1-1: Foul Ball, location: 2F
1-2: Fielders Choice at 2nd, 6-4 (Groundball, 56, EV 95.0 MPH)
Keith Long scores
Atsunori Ishikawa to third
Pinch Hitting: RHB Marquis Major 0-0: DOUBLE (Line Drive, 78M, EV 110.0 MPH)
Atsunori Ishikawa scores
Antonio Gutierrez to third
Runner from 3rd tries for Home, SAFE, throw by CF to home
Batting: SHB Chris Wright Balk!
Marquis Major to third
0-0: Ground out 6-3 (Groundball, 6, EV 98.1 MPH)
Top of the 9th over - 3 runs, 2 hits, 0 errors, 1 left on base; Southern Maryland 13 - Detroit 1
BOTTOM OF THE 9TH
Detroit Red Wings batting - Pitching for Southern Maryland Blue Crabs : RHP Casey Tietjen
Now at C: Marquis Major
Now at SS: Atsunori Ishikawa
Now in LF: Adam Oldfield
Now in RF: Keith Long
Batting: LHB Glen Boyle 0-0: Ball
1-0: Swinging Strike
1-1: Foul Ball, location: 2F
1-2: Strikes out looking
Pitching: RHP Mark Lloyd
Batting: LHB Brad Gaskill 0-0: Foul Ball, location: 2F
0-1: Ball
1-1: Swinging Strike
1-2: Strikes out swinging
Batting: RHB Tony Nunez 0-0: Ball
1-0: Foul Ball, location: 2F
1-1: Called Strike
1-2: Ball
2-2: Foul Ball, location: 2F
2-2: Fly out, F7 (Flyball, 7S, EV 95.6 MPH)
Bottom of the 9th over - 0 runs, 0 hits, 0 errors, 0 left on base; Southern Maryland 13 - Detroit 1
Thursday, March 31st , 2022 - OOTP Baseball 22.12 Build 89